Map: Blackpink LE

Players

ShoWTimE - Winner!

  • Race: Protoss Protoss
  • League: Grandmaster
  • Spawn Location: 1:00

Socke

  • Race: Protoss Protoss
  • League: Master
  • Spawn Location: 7:00

Event: HomeStory Cup XVI

VOD

Have the link to the VOD?

Description

Time

  • Played on: Nov. 10, 2017, 6:27 a.m.
  • Length: 10:55

All games in this series

Show
View Real Time Build Order
Export as new Build Order

ShoWTimE Protoss - Winner!

Build Orders: Archon Immortal, Zealot Archon 

Get SALT Encoding   

  1  0:00  Probe (Chrono Boost)  
  12  0:04  Probe (Chrono Boost)  
  14  0:18  Pylon  
  14  0:23  Probe (Chrono Boost)  
  15  0:36  Gateway  
  15  0:38  Probe (Chrono Boost)  
  16  0:43  Assimilator  
  17  0:50  Probe (Chrono Boost)  
  17  0:52  Assimilator  
  17  0:59  Probe (Chrono Boost)  
  18  1:04  Gateway  
  18  1:05  Probe (Chrono Boost)  
  19  1:16  Probe (Chrono Boost)  
  20  1:24  Cybernetics Core  
  20  1:28  Probe (Chrono Boost)  
  21  1:33  Pylon  
  22  1:40  Probe (Chrono Boost)  
  22  1:51  Warp Gate  
  22  1:52  Probe (Chrono Boost)  
  23  2:00  Adept  
  23  2:01  Adept  
  27  2:27  Stalker  
  27  2:28  Stalker  
  31  2:38  Nexus  
  31  2:44  Pylon  
  31  2:58  Robotics Facility  
  31  3:04  Probe (Chrono Boost)  
  31  3:05  Sentry  
  36  3:13  Sentry  
  36  3:16  Probe (Chrono Boost)  
  35  3:24  Twilight Council  
  36  3:28  Probe (Chrono Boost)  
  36  3:32  Pylon  
  36  3:40  Probe (Chrono Boost)  
  37  3:47  Shield Battery  
  35  3:50  Observer  
  35  3:51  Probe (Chrono Boost)  
  35  3:53  Probe (Chrono Boost)  
  35  3:55  Shield Battery  
  38  4:00  Probe (Chrono Boost)  
  38  4:03  Blink  
  38  4:05  Probe (Chrono Boost)  
  40  4:12  Probe (Chrono Boost)  
  40  4:15  Immortal, Phoenix  
  42  4:17  Probe (Chrono Boost)  
  42  4:21  Probe (Chrono Boost)  
  43  4:27  Probe (Chrono Boost)  
  43  4:29  Probe (Chrono Boost)  
  48  4:33  Pylon  
  50  4:39  Probe (Chrono Boost)  
  50  4:41  Probe (Chrono Boost)  
  51  4:46  Forge  
  51  4:51  Assimilator, Probe (Chrono Boost)  
  53  4:53  Probe (Chrono Boost)  
  53  4:56  Pylon  
  53  5:03  Probe (Chrono Boost)  
  53  5:05  Immortal, Probe (Chrono Boost)  
  59  5:13  Probe (Chrono Boost)  
  60  5:14  Probe (Chrono Boost)  
  60  5:19  Assimilator, Probe (Chrono Boost), Protoss Ground Weapons Level 1  
  60  5:20  Probe (Chrono Boost)  
  63  5:29  Gateway  
  63  5:30  Gateway  
  63  5:35  Gateway  
  63  5:37  Phoenix  
  63  5:39  Gateway  
  63  5:47  Immortal  
  67  5:53  Gateway  
  67  5:58  Gateway, Resonating Glaives  
  67  6:07  Pylon  
  67  6:15  Templar Archives  
  67  6:21  Warp Prism  
  67  6:22  Nexus  
  67  6:28  Pylon  
  69  6:41  Pylon  
  69  6:46  Adept x3  
  75  6:53  High Templar x3  
  81  6:54  High Templar  
  81  6:58  Archon  
  81  6:59  Archon  
  83  7:04  Probe x2 (Chrono Boost)  
  83  7:05  Shield Battery  
  83  7:07  Pylon  
  85  7:19  Adept x4  
  93  7:25  Pylon  
  93  7:31  Shield Battery  
  93  7:32  High Templar x2  
  93  7:36  Archon  
  97  7:37  Adept x2  
  97  7:43  Pylon  
  101  7:47  Adept x4  
  109  7:57  Adept x2  
  105  8:05  Shield Battery, Sentry  
  103  8:07  Shield Battery  
  103  8:08  Adept x2  
  103  8:11  Adept  
  105  8:18  Adept x2  
  105  8:19  Adept  
  107  8:23  Stalker  
  95  8:32  Adept x3  
  85  8:38  Adept  
  85  8:40  Immortal  
  79  8:42  Adept x2  
  81  8:56  Stalker x2  
  83  9:04  Stalker x2  
  87  9:11  Adept x2  
  87  9:15  Adept  
  91  9:31  Sentry  
  91  9:32  Stalker x4  
  91  9:37  Stalker  
  103  9:39  Adept  
  103  9:40  Adept  
  105  9:58  Adept x5  
  107  10:04  Adept x3  
  101  10:18  Adept x3  
  101  10:19  Adept x2  
  105  10:25  Probe x3 (Chrono Boost)  
  108  10:36  Stalker x2  
  112  10:43  Adept x3  
Show
View Real Time Build Order
Export as new Build Order

Socke Protoss 

Build Orders:  

Get SALT Encoding   

  12  0:02  Probe (Chrono Boost)  
  14  0:14  Probe (Chrono Boost)  
  14  0:18  Pylon  
  14  0:26  Probe (Chrono Boost)  
  15  0:32  Probe (Chrono Boost)  
  15  0:40  Gateway  
  16  0:43  Probe (Chrono Boost)  
  17  0:50  Assimilator  
  17  0:55  Assimilator, Probe (Chrono Boost)  
  18  1:07  Probe (Chrono Boost)  
  19  1:13  Probe (Chrono Boost)  
  19  1:14  Gateway  
  20  1:22  Probe (Chrono Boost)  
  21  1:28  Cybernetics Core  
  22  1:34  Probe (Chrono Boost)  
  22  1:37  Pylon  
  22  1:46  Probe (Chrono Boost)  
  23  1:58  Probe (Chrono Boost)  
  24  2:04  Stalker x2  
  24  2:05  Warp Gate  
  28  2:22  Pylon  
  28  2:24  Probe (Chrono Boost)  
  29  2:37  Sentry  
  31  2:41  Sentry  
  33  2:44  Nexus  
  34  2:52  Probe (Chrono Boost)  
  33  3:11  Probe (Chrono Boost)  
  31  3:17  Probe (Chrono Boost)  
  31  3:27  Robotics Facility  
  31  3:28  Probe (Chrono Boost)  
  31  3:32  Shield Battery  
  32  3:39  Probe (Chrono Boost)  
  33  3:45  Probe (Chrono Boost)  
  33  3:55  Gateway  
  34  3:57  Twilight Council  
  34  3:58  Probe (Chrono Boost)  
  36  4:02  Probe (Chrono Boost)  
  37  4:11  Probe (Chrono Boost)  
  37  4:14  Sentry  
  37  4:15  Shield Battery  
  40  4:17  Probe (Chrono Boost)  
  40  4:18  Observer  
  40  4:23  Probe (Chrono Boost)  
  42  4:29  Probe (Chrono Boost)  
  43  4:32  Probe (Chrono Boost)  
  43  4:35  Probe (Chrono Boost)  
  43  4:36  Blink  
  44  4:38  Probe (Chrono Boost)  
  44  4:44  Probe (Chrono Boost)  
  46  4:48  Forge  
  46  4:49  Probe (Chrono Boost)  
  48  4:56  Probe (Chrono Boost)  
  48  4:57  Assimilator  
  50  5:01  Probe (Chrono Boost)  
  50  5:04  Pylon  
  50  5:05  Protoss Ground Weapons Level 1  
  51  5:08  Probe (Chrono Boost)  
  53  5:21  Probe (Chrono Boost)  
  53  5:22  Immortal  
  53  5:23  Probe (Chrono Boost)  
  53  5:24  Pylon  
  57  5:39  Stalker x2  
  63  5:43  Probe (Chrono Boost)  
  63  5:44  Probe (Chrono Boost)  
  63  5:45  Pylon  
  63  5:55  Stalker  
  65  6:00  Nexus  
  65  6:02  Pylon  
  65  6:05  Immortal  
  69  6:12  Stalker  
  69  6:16  Gateway  
  71  6:21  Gateway  
  71  6:25  Gateway  
  71  6:32  Gateway  
  71  6:36  Warp Prism  
  71  6:50  Stalker  
  71  6:51  Stalker x2  
  79  6:55  Pylon  
  79  7:01  Gateway  
  79  7:03  Protoss Ground Armor Level 1  
  79  7:08  Probe x2 (Chrono Boost)  
  80  7:30  Stalker x6  
  80  7:32  Stalker  
  95  7:38  Probe (Chrono Boost)  
  95  7:39  Probe (Chrono Boost)  
  95  7:41  Probe (Chrono Boost)  
  97  7:47  Pylon  
  97  7:51  Probe (Chrono Boost)  
  96  7:55  Stalker x4  
  100  8:02  Stalker  
  100  8:08  Probe (Chrono Boost)  
  100  8:11  Stalker x2  
  99  8:24  Stalker, Zealot  
  97  8:27  Stalker x3  
  97  8:31  Probe (Chrono Boost)  
  94  8:36  Stalker x2  
  76  8:43  Probe (Chrono Boost)  
  76  8:44  Probe x2 (Chrono Boost)  
  73  8:48  Assimilator  
  73  8:56  Robotics Bay  
  73  8:57  Assimilator  
  73  9:03  Stalker  
  73  9:06  Shield Battery  
  73  9:09  Shield Battery  
  75  9:12  Stalker x2  
  75  9:14  Adept  
  75  9:15  Zealot  
  83  9:31  Colossus  
  83  9:38  Sentry  
  85  9:40  Probe x2 (Chrono Boost)  
  85  9:41  Probe (Chrono Boost)  
  88  9:47  Zealot x7  
  90  10:00  Shield Battery  
  90  10:04  Zealot  
  85  10:07  Adept x4  
  85  10:08  Zealot x2  
  57  10:38  Sentry  
  57  10:39  Stalker  
  63  10:52  Zealot x2  
Tags
 
Add a new tag
Caveats
  • Supply blocks, unpowered buildings, or Contaminate may cause inaccurate times.
  • Supply counts are checked every 10 seconds.